 Dungeon Crawl Stone Soup version 0.23-a0-395-gcf17ac6 (webtiles) character file.

78407 aurelian the Severer (level 15, -21/138 HPs)
             Began as a Minotaur Monk on Nov 1, 2018.
             Was the Champion of Makhleb.
             Demolished by an orc warrior
             ... wielding a +0 halberd
              (22 damage)
             ... on level 2 of the Orcish Mines.
             The game lasted 00:45:27 (23122 turns).

aurelian the Severer (Minotaur Monk)               Turns: 23122, Time: 00:45:29

Health: -21/138    AC: 34    Str: 21    XL:     15   Next: 18%
Magic:  12/12      EV: 11    Int:  7    God:    Makhleb [******]
Gold:   1638       SH:  5    Dex: 17    Spells: 14/14 levels left

rFire    . . .     SeeInvis .   S - +7 executioner's axe (distort)
rCold    + . .     Gourm    .   (shield currently unavailable)
rNeg     + . .     Faith    .   N - +7 plate armour "Wyladoaf" {rC+ rN+ MP-9}
rPois    .         Spirit   .   (helmet restricted)
rElec    .         Reflect  +   W - scarf {cloud immunity}
rCorr    .         Harm     .   C - +2 pair of gloves {Dex+3}
MR       ++...     Rnd*Rage +   t - +1 pair of boots
Stlth    ..........             I - +5 amulet of reflection
HPRegen  0.33/turn              o - +5 ring of protection
MPRegen  0.13/turn              v - ring of protection from magic

@: hasted, studying Necromancy, drained, very quick
A: retaliatory headbutt, horns 2, berserk 1, blurry vision 1
a: Minor Destruction, Lesser Servant of Makhleb, Major Destruction, Greater
Servant of Makhleb, Renounce Religion


You were on level 2 of the Orcish Mines.
You worshipped Makhleb.
Makhleb was exalted by your worship.
You were hungry.

You visited 4 branches of the dungeon, and saw 24 of its levels.
You also visited: Labyrinth, Ossuary and Ice Cave.

You collected 2392 gold pieces.
You spent 754 gold pieces at shops.

Inventory:

Hand Weapons
 S - a +7 executioner's axe of distortion (weapon)
Missiles
 h - 663 stones (quivered)
 u - 4 throwing nets
 T - 18 silver javelins
Armour
 j - a scarf of spirit shield
 t - a +1 pair of boots (worn)
 C - a +2 pair of gloves of dexterity (worn)
 N - the +7 plate armour "Wyladoaf" (worn) {rC+ rN+ MP-9}
   (You bought it in a shop on level 2 of the Orcish Mines)

   It protects you from cold.
   It protects you from negative energy.
   It affects your magic capacity (-9).
 W - a scarf of cloud immunity (worn)
Jewellery
 g - an uncursed ring of see invisible
 o - a +5 ring of protection (left hand)
 v - a ring of protection from magic (right hand)
 y - an uncursed ring of poison resistance
 H - a +4 ring of protection
 I - a +5 amulet of reflection (around neck)
Wands
 e - a wand of random effects (42)
 D - a wand of disintegration (30)
 E - a wand of polymorph (16)
 F - a wand of digging (5)
 G - a wand of acid (21)
 J - a wand of paralysis (26)
 Q - a wand of scattershot (11)
 V - a wand of flame (17)
 X - a wand of clouds (12)
 Y - a wand of enslavement (9)
Scrolls
 a - 2 scrolls of fear
 b - 7 scrolls of identify
 i - 4 scrolls of fog
 k - 9 scrolls of remove curse
 r - 3 scrolls of blinking
 x - 7 scrolls of amnesia
 z - 6 scrolls of enchant armour
 A - 9 scrolls of teleportation
 R - a scroll of magic mapping
 U - a scroll of summoning
Potions
 d - a potion of cancellation
 f - 2 potions of brilliance
 l - 5 potions of ambrosia
 m - 3 potions of magic
 n - 4 potions of flight
 q - a potion of resistance
 s - 9 potions of lignification
 w - 4 potions of berserk rage
 B - 10 potions of curing
 K - 5 potions of heal wounds
 O - a potion of might
Books
 M - a manual of Necromancy
Miscellaneous
 L - 2 boxes of beasts
 P - a lamp of fire
Comestibles
 c - 38 rations
 Z - 2 chunks of flesh


   Skills:
 + Level 14.0(13.6) Fighting
 * Level 18.7(18.3) Axes
 + Level 13.4(13.0) Armour
 - Level 8.0(7.6) Dodging
 - Level 1.5(1.3) Stealth
 + Level 10.4(10.1) Invocations
 + Level 7.1(6.8) Evocations


You had 14 spell levels left.
You didn't know any spells.
Your spell library contained the following spells:

 Spells                   Type           Power        Failure   Level  Hunger
 Animate Skeleton         Necr           N/A          99%         1    ##.....
 Apportation              Tloc           #.....       99%         1    ##.....
 Beastly Appendage        Tmut           #.....       99%         1    ##.....
 Confusing Touch          Hex            #.....       99%         1    ##.....
 Flame Tongue             Conj/Fire      #....        99%         1    ##.....
 Magic Dart               Conj           #...         99%         1    ##.....
 Shock                    Conj/Air       #...         99%         1    ##.....
 Summon Butterflies       Summ           #.......     99%         1    ##.....
 Summon Small Mammal      Summ           #...         99%         1    ##.....
 Blink                    Tloc           N/A          100%        2    ###....
 Call Imp                 Summ           #.......     100%        2    ###....
 Searing Ray              Conj           #.....       100%        2    ###....
 Slow                     Hex            #.......     100%        2    ###....
 Sticks to Snakes         Tmut           #.......     100%        2    ###....
 Swiftness                Chrm/Air       #.......     100%        2    ###....
 Throw Flame              Conj/Fire      #.....       100%        2    ###....
 Call Canine Familiar     Summ           #.......     100%        3    ####...
 Conjure Flame            Conj/Fire      #.......     100%        3    ####...
 Dazzling Spray           Conj/Hex       #.....       100%        3    ####...
 Inner Flame              Hex/Fire       #.......     100%        3    ####...
 Lesser Beckoning         Tloc           #.........   100%        3    ####...
 Mephitic Cloud           Conj/Pois/Air  #.......     100%        3    ####...
 Spider Form              Tmut/Pois      #.........   100%        3    ####...
 Static Discharge         Conj/Air       #.......     100%        3    ####...
 Tukima's Dance           Hex            #.......     100%        3    ####...
 Airstrike                Air            #.........   100%        4    #####..
 Force Lance              Conj/Tloc      #.......     100%        4    #####..
 Fulminant Prism          Conj/Hex       #.........   100%        4    #####..
 Ice Form                 Ice/Tmut       #.......     100%        4    #####..
 Iskenderun's Mystic Bla  Conj           #.......     100%        4    #####..
 Leda's Liquefaction      Hex/Erth       #.........   100%        4    #####..
 Sticky Flame             Conj/Fire      #.......     100%        4    #####..
 Summon Ice Beast         Ice/Summ       #.......     100%        4    #####..
 Summon Lightning Spire   Summ/Air       #.......     100%        4    #####..
 Alistair's Intoxication  Tmut/Pois      #.......     100%        5    ######.
 Blade Hands              Tmut           #.........   100%        5    ######.
 Bolt of Magma            Conj/Fire/Erth #.........   100%        5    ######.
 Fireball                 Conj/Fire      #.........   100%        5    ######.
 Lightning Bolt           Conj/Air       #.........   100%        5    ######.
 Silence                  Hex/Air        #.........   100%        5    ######.
 Summon Mana Viper        Hex/Summ       #.......     100%        5    ######.
 Conjure Ball Lightning   Conj/Air       #.........   100%        6    #######
 Deflect Missiles         Chrm/Air       #.........   100%        6    #######
 Invisibility             Hex            #.......     100%        6    #######
 Iron Shot                Conj/Erth      #.........   100%        6    #######
 Statue Form              Tmut/Erth      #........    100%        6    #######
 Malign Gateway           Summ/Tloc      #.........   100%        7    #######
 Monstrous Menagerie      Summ           #.........   100%        7    #######
 Summon Greater Demon     Summ           #.........   100%        7    #######
 Summon Hydra             Summ           #.........   100%        7    #######
 Ignition                 Fire           #.........   100%        8    #######
 Summon Horrible Things   Summ           #.........   100%        8    #######
 Shatter                  Erth           #.........   100%        9    #######
 Tornado                  Air            #.........   100%        9    #######


Dungeon Overview and Level Annotations

Branches:
Dungeon (15/15)            Temple (1/1) D:6            Lair (6/6) D:11
  Swamp (0/4) Lair:2        Snake (0/4) Lair:2        Slime (0/5) Lair:6
    Orc (2/2) D:12            Elf (0/3) Orc:2        Vaults (0/5) D:14
 Depths (0/5) D:15

Altars:
Ashenzari
Cheibriados
Hepliaklqana
Makhleb
Ru
Trog
Vehumet
Wu Jian
Xom
Yredelemnul
Jiyva

Shops:
D:15 :   Orc:2 [((

Annotations:
D:3 Grinder
D:7 3 runed doors, HDogLeCool's ghost, novice DsFi
D:12 exclusion: door
Abyss:1 Gastronok


Innate Abilities, Weirdness & Mutations

You reflexively headbutt those who attack you in melee.
You have a pair of horns on your head.
You tend to lose your temper in combat.
Scrolls take you a little longer to read.


Message History

The hellwing hits you but does no damage.
The hellwing barely misses you.
The hellwing hits you but does no damage.
The hellwing barely misses you.
The orc warrior shouts!
You hear a shout! x4
Really read with blurry vision while enemies are nearby? [Y]es or [N]o only, please.
Really read with blurry vision while enemies are nearby? [Y]es or [N]o only, please.
Really read with blurry vision while enemies are nearby?
Okay, then.
Unknown command.
You feel yourself speed up.
The hellwing disappears!
The orc sorcerer no longer looks unusually strong.
The orc warrior hits you with a +0 mace!
* * * LOW HITPOINT WARNING * * *
The orc high priest hits you but does no damage.
The orc high priest mumbles some strange prayers to Beogh.
The orc warrior hits you from afar with a +0 halberd!!
You die...

#..... .......#.#
...#..##.....$..#
......##........# .
.............##.######..
......##.....##.#..o....
......#.<....)#.#.......
.............[...oo..3..
....#........).)ooooo..o
................@oooo.oo
..#.∩.#........4oooo....
...................4....
....#...........#..o....
................#....o..
................######..
.......#........# o
.....)#........##
.....)).........#


You could see 2 orc high priests, 2 hellwings, a neqoxec, an orc sorcerer, 9 orc
warriors, 3 orc priests, 2 orc wizards and 5 orcs.

Vanquished Creatures
  A minotaur (Lab)
  3 ice dragons
  6 hydras
  A merfolk avatar (Lair:6)
  3 two-headed ogres
  2 centaur warriors (D:14)
  A death knight (D:14)
  A tengu warrior (D:15)
  Urug (D:14)
  2 skeletal warriors
  2 orc knights (Orc:2)
  2 phantasmal warriors
  A harpy (Lair:6)
  A deep elf mage (D:13)
  An orc sorcerer (Orc:2)
  4 cyclopes
  5 ugly things
  3 manticores
  2 black mambas
  8 elephants
  A torpor snail (Lair:2)
  Psyche (D:11)
  2 ice statues (IceCv)
  6 spiny frogs
  4 centaur skeletons
  3 gargoyles
  5 kobold demonologists
  3 freezing wraiths
  6 rime drakes
  9 komodo dragons
  A tengu conjurer (D:15)
  6 polar bears (Lair:6)
  5 trolls
  8 blink frogs
  3 slime creatures (D:12)
  A wind drake (Lair:6)
  6 hornets
  11 hippogriffs
  2 shadows
  A vampire (D:14)
  A wraith (D:14)
  2 basilisks
  5 wyverns
  13 humans (D:14)
  3 hungry ghosts
  4 fire bats (D:12)
  38 yaks
  4 nagas (Lair:2)
  A warg (Orc:1)
  A soldier ant (D:12)
  A hell hound (D:12)
  3 swamp worms (Lair:2)
  An acid dragon (D:14)
  6 porcupines
  12 water moccasins
  9 orc warriors
  3 sky beasts
  3 black bears
  19 ice beasts
  2 eyes of draining
  3 necrophages
  5 phantoms
  6 ogres
  13 centaurs
  4 wolves (Lair:5)
  9 crocodiles
  26 big kobolds
  16 bullfrogs
  4 gnoll sergeants
  10 scorpions
  5 wights (D:10)
  2 howler monkeys
  6 crimson imps
  6 centaur zombies
  8 jellies
  A quasit (D:6)
  2 bullfrog zombies
  A human zombie (Ossuary)
  Crazy Yiuf (D:3)
  9 hounds
  10 orc priests
  3 iguanas
  14 orc wizards
  9 worker ants
  2 big kobold zombies (Ossuary)
  2 hound zombies
  2 hound skeletons
  3 mummies (Ossuary)
  25 gnolls
  6 adders
  2 scorpion zombies (Ossuary)
  6 shadow imps
  6 oozes
  2 adder zombies
  3 worms
  2 dart slugs
  4 leopard geckos
  57 orcs
  19 bats
  4 giant cockroaches
  A gnoll zombie (Ossuary)
  8 goblins
  5 hobgoblins
  16 jackals
  5 quokkas
  2 ball pythons
  3 frilled lizards
  3 hobgoblin zombies (Ossuary)
  A jackal skeleton (D:7)
  A jackal zombie (D:5)
  26 kobolds
  2 kobold zombies (Ossuary)
  A leopard gecko skeleton (D:4)
  A leopard gecko zombie (D:7)
  3 orc zombies (Ossuary)
  5 rats
  2 fungi
  A plant (Lair:6)
669 creatures vanquished.

Vanquished Creatures (collateral kills)
  A two-headed ogre (D:8)
1 creature vanquished.

Vanquished Creatures (others)
  Nessos (D:14)
  An ice dragon (IceCv)
  A hydra (D:13)
  A catoblepas (D:14)
  A two-headed ogre (D:14)
  A death knight (D:15)
  3 ugly things (D:15)
  3 elephants
  3 spiny frogs
  A rime drake (Lair:6)
  2 trolls
  A raiju (shapeshifter) (D:13)
  2 blink frogs (Lair:4)
  A slime creature (D:12)
  5 yaks
  3 humans (D:14)
  An orc warrior (D:6)
  A centaur (D:14)
  A crocodile (Lair:6)
  A bullfrog (D:14)
  A gnoll sergeant (D:12)
  A kobold (D:11)
  4 fungi
  3 plants
43 creatures vanquished.

Grand Total: 713 creatures vanquished

Notes
Turn   | Place    | Note
-------+----------+-------------------------------------------
     0 | D:1      | aurelian the Minotaur Monk began the quest for the Orb.
     0 | D:1      | Reached XP level 1. HP: 19/19 MP: 0/0
    28 | D:1      | Reached skill level 4 in Axes
    42 | D:1      | Reached XP level 2. HP: 23/27 MP: 1/1
   435 | D:1      | Reached XP level 3. HP: 28/33 MP: 2/2
   991 | D:2      | Reached skill level 5 in Axes
  1468 | D:2      | Reached XP level 4. HP: 37/41 MP: 1/3
  1928 | D:3      | Found a runed door.
  1932 | D:3      | Noticed Crazy Yiuf
  1937 | D:3      | Killed Crazy Yiuf
  1937 | D:3      | Reached skill level 1 in Armour
  2055 | D:3      | HP: 1/41 [orc priest/nerve-wracking pain (13)]
  2066 | D:3      | Reached skill level 6 in Axes
  2066 | D:3      | Reached XP level 5. HP: 16/47 MP: 1/4
  2302 | D:3      | Noticed Grinder
  2319 | D:3      | Paralysed by Grinder for 7 turns
  2513 | D:4      | Reached skill level 5 in Fighting
  2607 | D:4      | Noticed a phantom
  2631 | D:4      | Killed a phantom
  2631 | D:4      | Reached XP level 6. HP: 37/56 MP: 3/5
  2809 | D:4      | Reached skill level 7 in Axes
  2865 | D:4      | Found a snail-covered altar of Cheibriados.
  3108 | D:5      | Entered Level 5 of the Dungeon
  3212 | D:5      | Noticed an ice beast
  3221 | D:5      | Found a sand-covered staircase.
  3255 | D:5      | Killed an ice beast
  3255 | D:5      | Reached XP level 7. HP: 35/62 MP: 4/6
  3261 | Ossuary  | Entered an ossuary
  3432 | Ossuary  | Reached skill level 8 in Axes
  4399 | D:5      | Reached skill level 9 in Axes
  4399 | D:5      | Reached XP level 8. HP: 71/71 MP: 7/7
  4421 | D:5      | Found an ornate altar of the Wu Jian Council.
  4637 | D:5      | Reached skill level 5 in Armour
  5270 | D:6      | Reached skill level 10 in Axes
  5336 | D:6      | Found a shattered altar of Ashenzari.
  5392 | D:6      | Found a staircase to the Ecumenical Temple.
  5405 | Temple   | Entered the Ecumenical Temple
  5483 | Temple   | Became a worshipper of Makhleb the Destroyer
  5483 | Temple   | Reached * piety under Makhleb
  5483 | Temple   | Reached ** piety under Makhleb
  5681 | D:6      | Reached skill level 1 in Invocations
  5753 | D:6      | Reached XP level 9. HP: 81/81 MP: 8/8
  5910 | D:7      | Found a runed gate.
  5910 | D:7      | Found a runed gate.
  5910 | D:7      | Found a runed gate.
  5912 | D:7      | Noticed HDogLeCool's ghost (novice DsFi)
  5975 | D:7      | Found a sacrificial altar of Ru.
  6147 | D:7      | Reached skill level 11 in Axes
  6772 | D:8      | Reached *** piety under Makhleb
  6789 | D:8      | Noticed a two-headed ogre
  6798 | D:8      | Killed a two-headed ogre
  6802 | D:8      | Reached skill level 12 in Axes
  7079 | D:8      | Reached XP level 10. HP: 86/91 MP: 11/11
  7375 | D:9      | Found a shimmering altar of Xom.
  7375 | D:9      | Found a shimmering altar of Xom.
  7377 | D:9      | Found a shimmering altar of Xom.
  7378 | D:9      | Found a shimmering altar of Xom.
  7381 | D:9      | Found a shimmering altar of Xom.
  7381 | D:9      | Found a shimmering altar of Xom.
  7381 | D:9      | You fall through a shaft for 2 floors!
  7689 | D:11     | Noticed a two-headed ogre
  7707 | D:11     | Gained mutation: Scrolls take you a little longer to read.
                  | [a neqoxec]
  7709 | D:11     | Gained mutation: You tend to lose your temper in combat. [a
                  | neqoxec]
  7713 | D:10     | Entered Level 10 of the Dungeon
  7914 | D:10     | Found a bloodstained altar of Trog.
  7948 | D:10     | Reached skill level 13 in Axes
  7964 | D:10     | Reached **** piety under Makhleb
  7983 | D:10     | Noticed a two-headed ogre
  7996 | D:10     | Killed a two-headed ogre
  7996 | D:10     | Reached skill level 10 in Fighting
  7996 | D:10     | Reached skill level 5 in Invocations
  8555 | D:10     | You fall through a shaft!
  8559 | D:11     | Noticed a smoke demon
  8579 | D:11     | Killed a two-headed ogre
  8579 | D:11     | Reached XP level 11. HP: 90/100 MP: 11/14
  9940 | D:10     | Reached ***** piety under Makhleb
 10115 | D:11     | Noticed a sixfirhy
 10200 | D:11     | Noticed a soul eater
 10203 | D:10     | Noticed a sixfirhy
 10207 | D:10     | Reached skill level 14 in Axes
 10648 | D:11     | Noticed Psyche
 10656 | D:11     | Killed Psyche
 10656 | D:11     | Reached skill level 10 in Armour
 10690 | D:11     | Found a staircase to the Lair.
 11033 | D:11     | Found a hazy altar of Hepliaklqana.
 11254 | D:11     | Noticed a soul eater
 11702 | Lair:1   | Entered Level 1 of the Lair of Beasts
 11913 | Lair:1   | Reached skill level 5 in Dodging
 11913 | Lair:1   | Reached skill level 1 in Evocations
 12136 | Lair:1   | Reached XP level 12. HP: 110/110 MP: 14/16
 12139 | Lair:1   | Reached skill level 15 in Axes
 12250 | Lair:1   | Identified a scroll of acquirement
 12712 | Lair:2   | Found a labyrinth entrance.
 12747 | Lab      | Entered a labyrinth
 13246 | Lab      | Identified the cursed +1 morningstar "Jairhiej" {crush,
                  | *Drain +Blink rF- Dex+7}
 13246 | Lab      | Noticed a minotaur
 13257 | Lab      | Killed a minotaur
 13265 | Lab      | Found the +9 sword of Zonguldrok {reap}
 13402 | Lair:2   | Found a staircase to the Swamp.
 13603 | Lair:2   | Found a staircase to the Snake Pit.
 14027 | Lair:3   | Reached ****** piety under Makhleb
 14065 | Lair:3   | Noticed Gastronok
 14590 | Lair:3   | Noticed a five-headed hydra
 14595 | Lair:3   | Killed a seven-headed hydra
 14660 | Lair:3   | Banished Gastronok
 16305 | Lair:5   | Noticed a six-headed hydra
 16317 | Lair:5   | Killed a nine-headed hydra
 16317 | Lair:5   | Reached skill level 16 in Axes
 16347 | Lair:5   | Reached XP level 13. HP: 118/118 MP: 18/18
 16925 | Lair:6   | Entered Level 6 of the Lair of Beasts
 16996 | Lair:6   | Paralysed by a hornet for 2 turns
 17986 | Lair:6   | Reached skill level 5 in Evocations
 18171 | Lair:6   | Found a staircase to the Slime Pits.
 18171 | Lair:6   | Found a viscous altar of Jiyva.
 18554 | D:12     | Paralysed by a hornet for 3 turns
 18557 | D:12     | Reached skill level 17 in Axes
 18936 | D:12     | Reached XP level 14. HP: 127/127 MP: 19/19
 19247 | D:12     | Found a staircase to the Orcish Mines.
 19341 | Orc:1    | Entered Level 1 of the Orcish Mines
 20181 | D:14     | Found a gate to the Vaults.
 20181 | D:14     | Noticed Nessos
 20181 | D:14     | Noticed Urug
 20807 | D:14     | Killed Urug
 21080 | D:14     | Killed Nessos
 21080 | D:14     | Reached skill level 18 in Axes
 21440 | D:15     | Entered Level 15 of the Dungeon
 21450 | D:15     | Found a frozen archway.
 21456 | IceCv    | Entered an ice cave
 21462 | IceCv    | Reached skill level 10 in Invocations
 21752 | IceCv    | Got a smoking diamond amulet
 21789 | IceCv    | Identified the amulet of Waoddoep {RegenMP *Contam Int+6
                  | Dex+4 SInv} (You found it in an ice cave)
 21875 | D:15     | Found a sacrificial altar of Ru.
 21940 | D:15     | Found Kaphidin's Book Shop.
 22177 | D:15     | Reached XP level 15. HP: 99/137 MP: 21/21
 22178 | D:15     | Found a staircase to the Depths.
 22951 | Orc:2    | Entered Level 2 of the Orcish Mines
 22951 | Orc:2    | Found Toruhy's Antique Weapon Boutique.
 22951 | Orc:2    | Found a staircase to the Elven Halls.
 22951 | Orc:2    | Found Jiach's Weapon Boutique.
 23059 | Orc:2    | Found Cefurybb's Armour Emporium.
 23080 | Orc:2    | Bought the +7 plate armour "Wyladoaf" {rC+ rN+ MP-9} for
                  | 754 gold pieces
 23122 | Orc:2    | HP: 1/138 [orc warrior/+0 mace (12)]
 23122 | Orc:2    | Demolished by an orc warrior

Vault maps used:
D:1:      sevenhm_arrival_forest_fort_small_6, chequers_serial_rivers_small_b,
          feat_on_display
D:2:      first_ration
D:3:      minitemple, uniq_crazy_yiuf_cottage, uniq_grinder
D:4:      kennysheep_slug_shrine, minmay_cut_off
D:5:      kennysheep_mini_moat, enter_ossuary_1
D:6:      lemuel_ice_spiral_2, minmay_temple_entry_glass,
          cheibrodos_ashenzari_chains
D:7:      overflow_temple_1_default, gammafunk_ghost_split
D:8:      hangedman_little_slice_of_home
D:9:      xom_redecorated, grunt_ministairs_15
D:10:     bloody_trog
D:11:     david_lair_shrubbed, special_room, basic_altar, uniq_psyche
D:12:     kennysheep_orc_monster_closet_entryway, hangedman_incinerator
D:14:     david_vaults_3, infiniplex_staircase_split_hallway
D:15:     grunt_enter_depths_hoard, nicolae_ru_sacrificial_ziggurat,
          portal_ice_cave_rime, serial_shops, nicolae_shop_crystal
Temple:   minmay_temple_forest_path
Lair:2:   minmay_swamp_entry_worms, guppyfry_snake_entry_island,
          lab_entry_generic
Lair:3:   uniq_gastronok
Lair:5:   st_stairs_4
Lair:6:   gammafunk_lair_ancient_temple, slime_altar_1,
          infiniplex_staircase_pool, lemuel_fruit_tree
Orc:1:    roderic_batcave
Orc:2:    st_orc_congregation, serial_shops, shop_statue, shop,
          nicolae_shop_stone, shop_fountains
Lab:      labyrinth_spiral
Ossuary:  ossuary_minmay_scorpions
IceCv:    ice_cave_small_dragons

Skill      XL: |  1  2  3  4  5  6  7  8  9 10 11 12 13 14 15 |
---------------+----------------------------------------------+-----
Axes           | 4 5 6 7 9 10 12 13 14 16 17 18 | 18.7
Fighting       | 4 5 6 7 9 10 11 12 13 14 | 14.0
Armour         | 1 2 3 4 6 7 9 10 11 12 13 | 13.4
Invocations    | 1 3 5 7 8 9 10 | 10.4
Dodging        | 5 6 8 |  8.0
Evocations     | 1 3 5 6 7 |  7.1
Stealth        | |  1.5

Action                   |  1- 3 |  4- 6 |  7- 9 | 10-12 | 13-15 || total
-------------------------+-------+-------+-------+-------+-------++-------
Melee: Hand axe          |    97 |   125 |   524 |   355 |       ||  1101
       Headbutt          |    11 |    37 |   117 |   179 |   127 ||   471
       Broad axe         |       |       |       |   331 |       ||   331
       Executioner's axe |       |       |       |   139 |   603 ||   742
Invok: Lesser Servant of |       |       |     1 |       |       ||     1
Evoke: Wand              |       |       |       |       |     1 ||     1
  Use: Potion            |       |     4 |       |     4 |     2 ||    10
       Scroll            |       |    11 |     6 |    15 |     2 ||    34
 Stab: Sleeping          |     2 |       |       |       |       ||     2
       Invisible         |       |     1 |       |       |       ||     1
       Distracted        |       |       |     1 |       |       ||     1
  Eat: Chunk             |     2 |     5 |    10 |    21 |    21 ||    59
       Ration            |       |       |     1 |     6 |     1 ||     8
Armor: Robe              |    16 |     3 |       |       |       ||    19
       Plate armour      |       |    79 |   240 |   541 |   490 ||  1350
       Skin              |       |       |    11 |       |       ||    11
Dodge: Dodged            |    78 |    31 |   123 |   221 |   319 ||   772
Block: Other             |       |       |    36 |   150 |   151 ||   337
       Reflection        |       |       |       |     6 |    11 ||    17

Table legend:
 A = Non-vault XP
 B = Vault XP
 C = Vault XP percentage of total XP
 D = Non-vault monster count
 E = Vault monster count
 F = Vault count percentage of total count
                 A         B        C        D         E       F
            +---------+---------+-------+---------+---------+-------
      Total |   76546 |   35465 |  31.7 |     514 |     191 |  27.1
            +---------+---------+-------+---------+---------+-------
        D:1 |      53 |       0 |   0.0 |      26 |       0 |   0.0
        D:2 |      49 |       0 |   0.0 |      22 |       0 |   0.0
        D:3 |      90 |      42 |  31.8 |      19 |       1 |   5.0
        D:4 |     238 |     128 |  35.0 |       6 |       5 |  45.5
        D:5 |     653 |       0 |   0.0 |      15 |       0 |   0.0
        D:6 |     816 |       0 |   0.0 |      32 |       0 |   0.0
        D:7 |     924 |       0 |   0.0 |      15 |       0 |   0.0
        D:8 |    2004 |     162 |   7.5 |      28 |       8 |  22.2
        D:9 |    1418 |     143 |   9.2 |      34 |       2 |   5.6
       D:10 |    3574 |       0 |   0.0 |      35 |       0 |   0.0
       D:11 |    5056 |    2798 |  35.6 |      37 |      23 |  38.3
       D:12 |    5712 |    2475 |  30.2 |      31 |      24 |  43.6
       D:13 |    6235 |       0 |   0.0 |      25 |       0 |   0.0
       D:14 |   10582 |    5685 |  34.9 |      33 |      20 |  37.7
       D:15 |   12114 |    2619 |  17.8 |      25 |       4 |  13.8
     Temple |     124 |       0 |   0.0 |       4 |       0 |   0.0
     Lair:1 |    3889 |       0 |   0.0 |      20 |       0 |   0.0
     Lair:2 |    3570 |    1106 |  23.7 |      18 |       7 |  28.0
     Lair:3 |    2996 |    1647 |  35.5 |      11 |       1 |   8.3
     Lair:4 |    2741 |       0 |   0.0 |      15 |       0 |   0.0
     Lair:5 |    4994 |    1350 |  21.3 |      21 |       2 |   8.7
     Lair:6 |    7858 |    8175 |  51.0 |      24 |      23 |  48.9
      Orc:1 |     416 |      12 |   2.8 |       6 |      10 |  62.5
      Orc:2 |     440 |    2281 |  83.8 |      12 |      16 |  57.1
        Lab |       0 |    1231 | 100.0 |       0 |       1 | 100.0
    Ossuary |       0 |     637 | 100.0 |       0 |      24 | 100.0
      IceCv |       0 |    4974 | 100.0 |       0 |      20 | 100.0
            +---------+---------+-------+---------+---------+-------
